 Dungeon Crawl Stone Soup version 0.30-a0-137-gd8773701ce (webtiles) character file.

Game seed: 14198325558110206758

774 Casaw the Sneak (level 7, -5/32 HPs)
             Began as a Spriggan Enchanter on Sept 22, 2022.
             Was an Initiate of Dithmenos.
             Slain by Edmund
             ... wielding a +5 dire flail of protection
              (13 damage)
             ... on level 5 of the Dungeon.
             The game lasted 00:11:55 (5162 turns).

Casaw the Sneak (Spriggan Enchanter)                Turns: 5162, Time: 00:11:56

Health: -5/32      AC:  4    Str:  6    XL:     7   Next: 53%
Magic:  18/18      EV: 17    Int: 17    God:    Dithmenos [......]
Gold:   254        SH:  0    Dex: 15    Spells: 11/19 levels left

rFire   . . .      SeeInvis +    m - +2 dagger (venom)
rCold   . . .      Faith    .    (no shield)
rNeg    . . .      Spirit   .    b - +0 robe
rPois   .          Reflect  .    d - +2 hat
rElec   .          Harm     .    (no cloak)
rCorr   .          Rampage  .    (gloves unavailable)
Will    +....                    (boots unavailable)
Stlth   ++........               f - amulet of magic regeneration
HPRegen 0.10/turn                (no ring)
MPRegen 0.56/turn                (no ring)

@: confused, ambrosia-drunk, invisible, very quick
A: very small, no large weapons, unfitting armour, see invisible, speed 3
a: Renounce Religion


You were on level 5 of the Dungeon.
You worshipped Dithmenos.
Dithmenos was noncommittal.
You visited 2 branches of the dungeon, and saw 6 of its levels.

You collected 254 gold pieces.

Inventory:

Hand Weapons
 a - a +1 dagger of freezing
 m - a +2 dagger of venom (weapon)
Armour
 b - a +0 robe (worn)
 d - a +2 hat (worn)
Jewellery
 f - an amulet of magic regeneration (around neck)
 l - a ring of flight
 o - a ring of fire
Scrolls
 h - a scroll of blinking
 i - a scroll of fear
Potions
 c - 2 potions of invisibility
 e - a potion of magic
 g - 2 potions of curing
 k - a potion of heal wounds {unknown}
 n - a potion of resistance {unknown}


   Skills:
 - Level 1.1 Short Blades
 - Level 2.6 Dodging
 + Level 7.5 Stealth
 + Level 6.9 Spellcasting
 + Level 7.3 Hexes


You had 11 spell levels left.
You knew the following spells:

 Your Spells              Type           Power      Damage    Failure   Level
a - Ensorcelled Hibernat  Hex/Ice        36%        N/A       4%          2
b - Tukima's Dance        Hex            30%        N/A       1%          3
d - Confusing Touch       Hex            30%        N/A       1%          3

Your spell library contained the following spells:

 Spells                   Type           Power      Damage    Failure   Level
 Dazzling Flash           Conj/Hex       36%        N/A       8%          3
 Portal Projectile        Hex/Tloc       36%        N/A       8%          3
 Magic Dart               Conj           20%        1d4       12%         1
 Call Imp                 Summ           5%         N/A       19%         2
 Fulminant Prism          Conj/Hex       9%         3d7       26%         4
 Leda's Liquefaction      Hex/Erth       9%         N/A       26%         4
 Call Canine Familiar     Summ           5%         N/A       34%         3
 Kindle Blastsparks       Fire/Tloc/Air  10%        2d10      34%         3
 Mephitic Cloud           Conj/Pois/Air  5%         N/A       34%         3
 Ozocubu's Armour         Ice            5%         N/A       34%         3
 Yara's Violent Unravell  Hex/Tmut       9%         3d6       58%         5
 Iskenderun's Mystic Bla  Conj/Tloc      5%         2d3       75%         4
 Passage of Golubria      Tloc           5%         N/A       75%         4
 Lee's Rapid Deconstruct  Erth           2%         3d6*      97%         5
 Ozocubu's Refrigeration  Ice            2%         4d8       100%        7


Dungeon Overview and Level Annotations

Branches:
Dungeon (5/15)             Temple (1/1) D:4

Altars:
Cheibriados
Dithmenos
Fedhas
Gozag
Kikubaaqudgha
Okawaru
Qazlal
Ru
Uskayaw
Wu Jian
Yredelemnul
The Shining One

Annotations:
D:5 Edmund, Menkaure


Innate Abilities, Weirdness & Mutations

You are very small and have problems with some larger weapons.
You are too small for most types of armour.
You have supernaturally acute eyesight. (SInv)
You cover ground extremely quickly. (Speed+++)


Message History

Unknown command.
Unknown command.
You are too injured to fight recklessly!
You are too injured to fight recklessly!
You are too injured to fight recklessly!
You are too injured to fight recklessly!
You are too injured to fight recklessly!
Unknown command.
Unknown command.
Unknown command.
Unknown command.
Unknown command.
You are too injured to fight recklessly!
You are too injured to fight recklessly!
You are too injured to fight recklessly!
Unknown command.
Unknown command.
Unknown command.
Unknown command.
You are too injured to fight recklessly!
Unknown command.
Unknown command.
You are too injured to fight recklessly!
Unknown command.
Unknown command.
Okay, then.
Unknown command.
It was a potion of ambrosia.
You are confused.
You feel invigorated.
Edmund hits you with a +5 dire flail of protection!
* * * LOW HITPOINT WARNING * * *
The orc misses you.
The orc wizard gestures at you while chanting.
The orc wizard resists with some effort.
The orc wizard hits you but does no damage.
You hit Edmund.
Edmund is poisoned.
Edmund is lightly wounded.
Edmund hits you with a +5 dire flail of protection!
You die...

#### ## #. .# ###.
.# .... M. ###. .#
.# #. o# #. ##
###o######. .#
#o@#.......#. #@#.#
#.# .. #.#.####.#
.# # #.#)##...#
?#.#
#......#.##.#.#.##
#.#.##.............
#.######.#..#.#.###
#. #.#.## #.#.# #


You could see Edmund (unable to see you, very poisoned), Menkaure, 2 orc wizards
and an orc (unable to see you).

Vanquished Creatures
  An ogre (D:5)
  A centaur (D:5)
  A phantom (D:5)
  A scorpion (D:4)
  4 hounds
  A gnoll bouda (D:4)
  3 orc priests (D:5)
  An iguana (D:5)
  An orc wizard (D:5)
  A mummy (D:4)
  2 gnolls
  4 adders
  2 worms (D:3)
  3 dart slugs
  13 orcs
  4 endoplasms
  2 giant cockroaches (D:3)
  5 goblins
  3 hobgoblins
  16 jackals
  A quokka (D:4)
  9 ball pythons
  4 bats
  4 frilled lizards
  8 kobolds
  5 rats
100 creatures vanquished.

Vanquished Creatures (collateral kills)
  A gnoll (D:4)
  An orc (D:5)
2 creatures vanquished.

Vanquished Creatures (others)
  2 dancing weapons (D:4)
2 creatures vanquished.

Grand Total: 104 creatures vanquished

Notes
Turn   | Place    | Note
-------+----------+-------------------------------------------
     0 | D:1      | Casaw the Spriggan Enchanter began the quest for the Orb.
     0 | D:1      | Reached XP level 1. HP: 9/9 MP: 5/5
   183 | D:1      | Found an ornate altar of the Wu Jian Council.
   365 | D:1      | Reached XP level 2. HP: 13/13 MP: 7/7
   381 | D:1      | Learned a level 2 spell: Ensorcelled Hibernation
   400 | D:1      | Found a faded altar of an unknown god.
  1235 | D:2      | Reached XP level 3. HP: 16/16 MP: 9/9
  1239 | D:2      | Learned a level 3 spell: Tukima's Dance
  1243 | D:2      | Learned a level 3 spell: Confusing Touch
  1981 | D:3      | Found a blossoming altar of Fedhas.
  2096 | D:3      | Found an iron altar of Okawaru.
  2106 | D:3      | Reached XP level 4. HP: 21/21 MP: 11/11
  2304 | D:3      | Reached skill level 5 in Hexes
  2360 | D:3      | Found an opulent altar of Gozag.
  2461 | D:3      | Found a faded altar of an unknown god.
  2464 | D:3      | Found a stormy altar of Qazlal.
  2779 | D:4      | Found a snail-covered altar of Cheibriados.
  2811 | D:4      | Reached XP level 5. HP: 22/24 MP: 13/13
  2815 | D:4      | Reached skill level 5 in Spellcasting
  3210 | D:4      | Found a staircase to the Ecumenical Temple.
  3224 | D:4      | Reached skill level 5 in Stealth
  3234 | Temple   | Entered the Ecumenical Temple
  3370 | D:4      | Found a shadowy altar of Dithmenos.
  3389 | D:4      | Became a worshipper of Dithmenos the Shadowed
  3668 | D:4      | Reached XP level 6. HP: 14/28 MP: 13/15
  4412 | D:5      | Entered Level 5 of the Dungeon
  4493 | D:5      | Reached XP level 7. HP: 16/32 MP: 17/17
  5151 | D:5      | Noticed Edmund
  5160 | D:5      | Noticed Menkaure
  5162 | D:5      | Slain by Edmund

Illustrated notes

Levels and vault maps discovered:
D:1:      sevenhm_arrival_forest_fort_small_5, layout_basic,
          ebering_ecumenical_altar_rust, serial_bayou, serial_bayou_shore_b,
          serial_bayou_pond_d, serial_bayou_pond_d, serial_bayou_crossing,
          minmay_hexomino_r4
D:2:      layout_rooms, corner_web_ring
D:3:      layout_loops_ring, mainiacjoe_overflow_24_doors, okawaru_trees_1,
          lemuel_tele_altar, nicolae_overflow_ecumenical_swirl
D:4:      layout_loops_ring, nicolae_dithmenos_through_a_glass_darkly,
          slow_altar_1, minmay_temple_entry_glass, serial_rivers,
          chequers_serial_rivers_micro_e, chequers_serial_rivers_marsh,
          chequers_serial_rivers_room_a, chequers_serial_rivers_micro_a,
          ebering_dispersal_statue_hall
D:5:      layout_loops_ring, nicolae_elyvilon_temple_path, minitemple,
          uniq_edmund, uniq_menkaure
Temple:   nicolae_temple_two_arcs

Skill      XL: |  1  2  3  4  5  6  7 |
---------------+----------------------+-----
Spellcasting   | 3 4 5 6 |  6.9
Hexes          | 4 5 6 7 |  7.3
Stealth        | 5 6 7 |  7.5
Short Blades   | |  1.1
Dodging        | |  2.6

Action                   |  1- 3 |  4- 6 |  7- 9 || total
-------------------------+-------+-------+-------++-------
Melee: Dagger            |   114 |   154 |    41 ||   309
       Punch             |     2 |     2 |       ||     4
 Cast: Ensorcelled Hiber |     5 |    21 |     6 ||    32
       Tukima's Dance    |     1 |     2 |     2 ||     5
       Confusing Touch   |       |     1 |     1 ||     2
  Use: Scroll            |     5 |     6 |       ||    11
       Potion            |       |       |     3 ||     3
 Stab: Sleeping          |    16 |    16 |     7 ||    39
       Confused          |       |     2 |     2 ||     4
       Invisible         |       |       |     1 ||     1
Armor: Robe              |    12 |    16 |     3 ||    31
Dodge: Dodged            |    70 |   131 |    41 ||   242

Table legend: (Time is in decaauts)
 A = Elapsed time spent in this place.
 B = Non-inter-level travel time spent in this place.
 C = Inter-level travel time spent in this place.
 D = Time resting spent in this place.
 E = Time spent auto-exploring this place.
 F = Levels seen in this place.
 G = Mean time per level.
                   A        B        C        D        E       F      G
               +--------+--------+--------+--------+--------+-----+--------+
         Total |   4064 |   3995 |     69 |      1 |   3270 |   6 |  677.3 |
       Dungeon |   3776 |   3713 |     63 |      1 |   2994 |   5 |  755.2 |
        Temple |    287 |    282 |      5 |      0 |    275 |   1 |  287.0 |
               +--------+--------+--------+--------+--------+-----+--------+

Top non-repeatable levels by time:
     D:4: 1031 daAuts
     D:1: 973 daAuts
     D:3: 679 daAuts
     D:5: 619 daAuts
     D:2: 471 daAuts
  Temple: 287 daAuts
